 Dungeon Crawl Stone Soup version 0.21-a0-426-g98080a9 (webtiles) character file.

60 sugabear the Insei (level 3, 0/26 HPs)
             Began as a Demonspawn Transmuter on Nov 7, 2017.
             Slain by a goblin (1 damage)
             ... led by Robin
             ... on level 2 of the Dungeon.
             The game lasted 00:01:53 (1894 turns).

sugabear the Insei (Demonspawn Transmuter)          Turns: 1894, Time: 00:01:53

Health: 0/26       AC:  4    Str: 10    XL:     3   Next: 82%
Magic:  5/6        EV: 12    Int: 15    God:
Gold:   95         SH:  0    Dex: 13    Spells: 5/6 levels left

rFire    . . .     SeeInvis .     - Unarmed
rCold    . . .     Gourm    .   (no shield)
rNeg     . . .     Faith    .   b - +0 robe
rPois    .         Spirit   .   (no helmet)
rElec    .         Reflect  .   (no cloak)
rCorr    .         Harm     .   (no gloves)
MR       .....                  (boots currently unavailable)
Stlth    +.........             (no amulet)
HPRegen  0.08/turn              (no ring)
MPRegen  0.10/turn              (no ring)

@: appendage (expiring)
A: talons 3, molten scales 1
a: End Transformation


You were on level 2 of the Dungeon.
You were hungry.
You had grown temporary talons.
You visited 1 branch of the dungeon, and saw 2 of its levels.

You collected 95 gold pieces.

Inventory:

Missiles
 a - 37 arrows
Armour
 b - a +0 robe (worn)
Jewellery
 o - an uncursed ring of protection from cold {unknown}
Scrolls
 h - a scroll of fog {unknown}
 i - 2 scrolls of identify {unknown}
 j - 2 scrolls of magic mapping {unknown}
 k - a scroll of enchant weapon {unknown}
 m - a scroll of teleportation {unknown}
Potions
 e - a potion of berserk rage {unknown}
 l - a potion of flight {unknown}
Books
 c - a book of Changes

   Spells                             Type                      Level
   a - Beastly Appendage              Transmutation                1
   b - Sticks to Snakes               Transmutation                2
   c - Spider Form                    Transmutation/Poison         3
   d - Ice Form                       Ice/Transmutation            4
   e - Blade Hands                    Transmutation                5
Comestibles
 d - a bread ration
 f - a meat ration
 g - 4 royal jellies
 n - 2 chunks of flesh


   Skills:
 + Level 1.1 Fighting
 + Level 2.1 Dodging
 + Level 3.5 Unarmed Combat
 + Level 2.3 Spellcasting
 + Level 2.4 Transmutations


You had 5 spell levels left.
You knew the following spells:

 Your Spells              Type           Power        Failure   Level  Hunger
a - Beastly Appendage     Tmut           #.....       8%          1    #......


Dungeon Overview and Level Annotations

Branches:
Dungeon (2/15)

Altars:
Okawaru

Annotations:
D:2 Robin


Innate Abilities, Weirdness & Mutations

You are partially covered in molten scales. (AC +2)
You have claws for feet.


Message History

Confirm with . or Enter, or press ? or * to list all spells.
Your feet morph into talons.
The goblin hits you with a dagger.
* * * LOW HITPOINT WARNING * * *
The goblin hits you.
* * * LOW HITPOINT WARNING * * *
Unknown command.
You barely miss the goblin. You claw the goblin.
The goblin is heavily wounded.
The goblin hits you but does no damage. The goblin barely misses you.
You hit the goblin.
You kill the goblin!
Robin roars a battlecry!
The goblin goes into a battle-frenzy!
The goblin completely misses you.
You see here a dagger.
Your transformation is almost over.
Robin throws the goblin at you!
* * * LOW HITPOINT WARNING * * *
The goblin hits you.
You die...

#..........#....####.
#....................
#..........#....####.
#..........#.#.## #.
#..........#<#.# #.
#............#)# #.
#######..........###.# #.
#......#.g.##.#### #.# #. #
#.#####.##@##.######.#####.
#. ...#
#.##g##.............. #.#
#.#.###.##g#########.######
..##.##....##.#########.###
#.#.#.#.######.#...........#
#>.....## #.#.#######.#.#
###.#.########g#.# #.#.#
#.##.g.....(.# ##...####
#......g...###### #.......#


You could see Robin, a hobgoblin and 2 goblins.

Vanquished Creatures
  An adder (D:2)
  2 worms (D:2)
  3 dart slugs (D:1)
  2 leopard geckos (D:2)
  2 giant cockroaches
  9 goblins
  6 hobgoblins
  2 bats
  2 frilled lizards (D:1)
  2 kobolds (D:1)
  6 rats (D:1)
37 creatures vanquished.

Notes
Turn   | Place    | Note
-------+----------+-------------------------------------------
     0 | D:1      | sugabear the Demonspawn Transmuter began the quest for the Orb.
     0 | D:1      | Reached XP level 1. HP: 15/15 MP: 3/3
    97 | D:1      | Reached skill level 3 in Unarmed Combat
    99 | D:1      | Gained mutation: You are partially covered in molten scales. (AC +2) [demonic ancestry]
    99 | D:1      | Reached XP level 2. HP: 6/21 MP: 5/5
   979 | D:2      | Reached XP level 3. HP: 11/26 MP: 6/6
  1511 | D:2      | Found an iron altar of Okawaru.
  1841 | D:2      | Noticed Robin
  1894 | D:2      | HP: 1/26 [Robin/goblin (2)]
  1894 | D:2      | Slain by a goblin

Vault maps used:
D:1:      giann_forest_graveyard, minivault_25
D:2:      serial_park_tiny_pond, okawaru_ov_weapons_minmay, uniq_robin

Skill      XL: |  1  2 |
---------------+-------+-----
Unarmed Combat | 3 |  3.5
Transmutations | 2 |  2.4
Dodging        | 2 |  2.1
Fighting       | |  1.1
Spellcasting   | |  2.3

Action                   || total
-------------------------++-------
Melee: Unarmed           ||   129
       Kick              ||    12
       Headbutt          ||     9
       Punch             ||     2
 Cast: Beastly Appendage ||    25
  Eat: Chunk             ||     3
Armor: Robe              ||    26
Dodge: Dodged            ||    67

Table legend:
 A = Spawn XP
 B = Non-spawn XP
 C = Spawn XP percentage of total XP
 D = Spawn monster count
 E = Non-spawn monster count
 F = Spawn count percentage of total count
 G = Total turns spent on level
                    A         B        C        D         E        F      G
               +---------+---------+-------+---------+---------+-------+---------
         Total |       0 |      87 |   0.0 |       0 |      37 |   0.0 |  1894
               +---------+---------+-------+---------+---------+-------+---------
           D:1 |       0 |      30 |   0.0 |       0 |      17 |   0.0 |   893
           D:2 |       0 |      57 |   0.0 |       0 |      20 |   0.0 |  1001
               +---------+---------+-------+---------+---------+-------+---------
